 Dungeon Crawl Stone Soup version 0.21.0 (webtiles) character file.

100 imganon the Chopper (level 4, 31/35 HPs)
             Began as a Demonspawn Berserker on Jan 7, 2018.
             Was a Believer of Trog.
             Got out of the dungeon alive.
             The game lasted 00:03:39 (1408 turns).

imganon the Chopper (Demonspawn Berserker)          Turns: 1408, Time: 00:03:40

Health: 31/35      AC: 11    Str: 18    XL:     4   Next: 47%
Magic:  13/13      EV:  7    Int:  9    God:    Trog [**....]
Gold:   129        SH:  0    Dex: 12    Spells: 3/3 levels left

rFire    . . .     SeeInvis .   a - +0 hand axe
rCold    . . .     Gourm    .   (no shield)
rNeg     . . .     Faith    .   h - +0 chain mail
rPois    .         Spirit   .   i - +0 helmet
rElec    .         Reflect  .   (no cloak)
rCorr    .         Harm     .   (no gloves)
MR       .....                  p - +1 pair of boots
Stlth    ..........             (no amulet)
HPRegen  0.11/turn              n - ring of magical power
MPRegen  0.13/turn              (no ring)

@: no status effects
A: claws 1
a: Berserk, Trog's Hand, Burn Spellbooks, Renounce Religion


You escaped.
You worshipped Trog.
Trog was pleased with you.
You were hungry.

You visited 1 branch of the dungeon, and saw 3 of its levels.

You collected 129 gold pieces.

Inventory:

Hand Weapons
 a - a +0 hand axe (weapon)
Armour
 b - a +0 animal skin
 h - a +0 chain mail (worn)
 i - a +0 helmet (worn)
 p - a +1 pair of boots (worn)
Jewellery
 n - a ring of magical power (left claw)
Wands
 q - a wand of paralysis (8)
Scrolls
 d - 3 scrolls of identify {unknown}
 f - a scroll of blinking {unknown}
 g - a scroll of magic mapping {unknown}
 o - a scroll of noise {unknown}
 r - a scroll of immolation {unknown}
Potions
 e - 3 potions of ambrosia {unknown}
 j - 3 potions of curing {unknown}
 k - a potion of degeneration {unknown}
 l - a potion of agility {unknown}
 m - a potion of flight {unknown}
Comestibles
 c - 3 rations


   Skills:
 - Level 3.0 Fighting
 + Level 4.8 Axes
 - Level 1.7 Armour
 - Level 1.7 Dodging


You had 3 spell levels left.
You didn't know any spells.

Dungeon Overview and Level Annotations

Branches:
Dungeon (3/15)

Altars:


Innate Abilities, Weirdness & Mutations

You have sharp fingernails.


Message History

There is an open door here.
The demonspawn shouts!
The formicid twitches its antennae in your direction.
The tengu shouts!
The octopode shouts!
The minotaur bellows!
The troll shouts!
The centaur shouts!
The ogre shouts!
The vine stalker shouts!
The draconian roars!
The orc shouts!
The dwarf shouts!
The halfling shouts!
The demigod shouts!
The merfolk shouts!
The elf shouts!
The kobold shouts!
The spriggan shouts!
The naga shouts!
There is an open door here.
There is a staircase leading out of the dungeon here.
Are you sure you want to leave the Dungeon?
This will make you lose the game! [Y]es or [N]o only, please.
Are you sure you want to leave the Dungeon?
This will make you lose the game!
You have escaped!

# #.# # #.# ###>#
....# ....#
###############
#M#d#.#p#m#K#i####
###############..#
..............'.@#
###############..#
#f#o#g#p#e#9#N####
###############


There were no monsters in sight!

Vanquished Creatures
  4 gnolls (D:3)
  An ooze (D:1)
  A worm (D:2)
  3 leopard geckos
  2 orcs (D:3)
  4 bats (D:1)
  3 giant cockroaches
  4 goblins (D:1)
  10 hobgoblins
  4 jackals (D:1)
  3 kobolds (D:1)
  4 frilled lizards (D:1)
  5 rats
48 creatures vanquished.

Notes
Turn   | Place    | Note
-------+----------+-------------------------------------------
     0 | D:1      | imganon the Demonspawn Berserker began the quest for the Orb.
     0 | D:1      | Reached XP level 1. HP: 18/18 MP: 1/1
     5 | D:1      | Noticed a spriggan
     5 | D:1      | Noticed a naga
     7 | D:1      | Noticed a gargoyle
     9 | D:1      | Noticed a merfolk
     9 | D:1      | Noticed an elf
    11 | D:1      | Noticed a halfling
    11 | D:1      | Noticed a demigod
    13 | D:1      | Noticed a dwarf
    15 | D:1      | Noticed a draconian
    17 | D:1      | Noticed a vine stalker
    19 | D:1      | Noticed a centaur
    19 | D:1      | Noticed an ogre
    21 | D:1      | Noticed a minotaur
    21 | D:1      | Noticed a troll
    23 | D:1      | Noticed a felid
    23 | D:1      | Noticed an octopode
    25 | D:1      | Noticed a ghoul
    25 | D:1      | Noticed a tengu
    27 | D:1      | Noticed a demonspawn
    27 | D:1      | Noticed a formicid
    29 | D:1      | Noticed a human
    29 | D:1      | Noticed a vampire
    58 | D:1      | Reached skill level 3 in Axes
    91 | D:1      | Gained mutation: You have sharp fingernails. [demonic ancestry]
    91 | D:1      | Reached XP level 2. HP: 16/24 MP: 2/2
   451 | D:1      | Reached ** piety under Trog
   451 | D:1      | Reached XP level 3. HP: 26/29 MP: 3/3
   706 | D:2      | Reached skill level 4 in Axes
   768 | D:2      | You fall through a shaft!
   788 | D:3      | Reached XP level 4. HP: 21/35 MP: 4/4
  1408 | D:$      | Got out of the dungeon alive.

Skill      XL: |  1  2  3 |
---------------+----------+-----
Axes           | 3 4 |  4.8
Fighting       | |  3.0
Armour         | |  1.7
Dodging        | |  1.7

Action                   |  1- 3 |  4- 6 || total
-------------------------+-------+-------++-------
Melee: Hand axe          |   103 |    50 ||   153
Invok: Berserk           |     1 |       ||     1
 Stab: Sleeping          |     1 |       ||     1
  Eat: Chunk             |       |     2 ||     2
Armor: Animal skin       |    26 |       ||    26
       Chain mail        |    21 |    22 ||    43
Dodge: Dodged            |    61 |    21 ||    82
